[Event "ICC tourney 2248 (120 10)"]
[Site "Internet Chess Club"]
[Date "2020.12.29"]
[Round "7"]
[White "Yamato1945"]
[Black "GrandWizard"]
[Result "1-0"]
[ICCResult "Black checkmated"]
[WhiteElo "1452"]
[BlackElo "1806"]
[Opening "Fried fox defense"]
[ECO "A40"]
[NIC "QO.17"]
[Time "12:06:10"]
[PlyCount "145"]
[TimeControl "7200+10"]

1. d4 f6 2. e4 Kf7 3. Bc4+ e6 4. Nf3 Be7 5. e5 d5 6. Bd3 f5 7. c4 c6 8. Nc3
Nd7 9. Be3 Nb6 10. cxd5 Nxd5 11. Nxd5 cxd5 12. Qd2 Bd7 13. Rc1 Qb6 14. O-O
h6 15. h4 Bb4 16. Qc2 Rc8 17. Qb3 Ne7 18. a3 Ba5 19. Qxb6 Bxb6 20. b4 Rcg8
21. Ra1 Nc6 22. Rab1 Rh7 23. a4 Bd8 24. h5 g5 25. hxg6+ Rxg6 26. Rfc1 Rhg7
27. Bf1 Ne7 28. g3 Ng8 29. Be2 h5 30. Nh2 Rh7 31. Kg2 Nh6 32. Bxh5 Ng4 33.
Bxg6+ Kxg6 34. Nxg4 fxg4 35. b5 Kf5 36. Rh1 Rg7 37. Rh5+ Ke4 38. Rbh1 Be8
39. Rh8 Bxb5 40. axb5 Bb6 41. R8h7 Rg8 42. Rxb7 Bxd4 43. Bxd4 Kxd4 44. Rxa7
Kxe5 45. Re1+ Kd6 46. Ra6+ Kc5 47. Rexe6 Kxb5 48. Rg6 Rc8 49. Raf6 Rc4 50.
Rb6+ Ka4 51. Ra6+ Kb3 52. Rgb6+ Kc2 53. Rc6 Kd3 54. Rxc4 dxc4 55. Ra3+ c3
56. f4 gxf3+ 57. Kxf3 Kd2 58. g4 c2 59. Ra2 Kd1 60. Rxc2 Kxc2 61. g5 Kd1
62. g6 Ke1 63. g7 Kd2 64. g8=Q Kc3 65. Qd8 Kc2 66. Qd4 Kb3 67. Qc5 Kb2 68.
Qc4 Ka3 69. Qb5 Ka2 70. Ke3 Ka3 71. Kd3 Ka2 72. Kc2 Ka3 73. Qb3# { Black
checkmated } 1-0

[Event "ICC tourney 2248 (120 10)"]
[Site "Internet Chess Club"]
[Date "2020.12.29"]
[Round "7"]
[White "WallyCleaver"]
[Black "Deveshc"]
[Result "1/2-1/2"]
[ICCResult "Game drawn by repetition"]
[WhiteElo "1318"]
[BlackElo "1491"]
[Opening "Sicilian: Richter-Rauzer, 6...e6"]
[ECO "B62"]
[NIC "SI.27"]
[Time "12:06:11"]
[PlyCount "137"]
[TimeControl "7200+10"]

1. e4 c5 2. Nf3 Nc6 3. d4 cxd4 4. Nxd4 Nf6 5. Nc3 d6 6. Bg5 e6 7. f4 a6 8.
Be2 Be7 9. Bf3 Bd7 10. Qd2 h6 11. Bh4 Nxe4 12. Bxe7 Nxd2 13. Bxd8 Nxf3+ 14.
gxf3 Nxd4 15. O-O-O Rxd8 16. Rxd4 Bc6 17. Rd3 O-O 18. Rhd1 g6 19. Ne4 d5
20. c4 Rc8 21. cxd5 Bxd5+ 22. Kb1 Rc4 23. Nf6+ Kg7 24. Nxd5 exd5 25. Rxd5
Rxf4 26. R5d3 Rc8 27. Rc1 Rxc1+ 28. Kxc1 Rh4 29. Rd2 Rh3 30. Rf2 Kf6 31.
Kd2 Kf5 32. Ke3 Rh4 33. b3 Rh3 34. Rc2 g5 35. Rc7 Kg6 36. Rxb7 Rxh2 37.
Rb6+ f6 38. Rxa6 Rb2 39. Ra4 h5 40. b4 h4 41. Ra3 h3 42. Rd3 Rb1 43. Rd2
Rh1 44. b5 h2 45. Re2 Rb1 46. Rxh2 Rxb5 47. a4 Rb3+ 48. Kf2 Ra3 49. a5 Rxa5
50. Rg2 Ra2+ 51. Kg3 Rxg2+ 52. Kxg2 Kf5 53. Kg3 Ke5 54. Kg4 Ke6 55. f4 gxf4
56. Kxf4 f5 57. Kf3 Ke5 58. Ke3 f4+ 59. Kf3 Kf5 60. Kf2 Ke4 61. Ke2 f3+ 62.
Kf1 Kf4 63. Kf2 Kg4 64. Kf1 Kg3 65. Kg1 Kf4 66. Kf2 Ke4 67. Kf1 Ke3 68. Ke1
Ke4 69. Kf1 { Game drawn by repetition } 1/2-1/2

[Event "ICC tourney 2248 (120 10)"]
[Site "Internet Chess Club"]
[Date "2020.12.29"]
[Round "7"]
[White "FantasyHockeyEx"]
[Black "Eagle2020"]
[Result "1-0"]
[ICCResult "Black checkmated"]
[WhiteElo "1794"]
[BlackElo "1505"]
[Opening "Queen's pawn"]
[ECO "A40"]
[NIC "QO.17"]
[Time "12:06:23"]
[PlyCount "143"]
[TimeControl "7200+10"]

1. d4 e6 2. Nf3 d5 3. Bf4 Nf6 4. e3 c5 5. c3 Qb6 6. Qc2 Nc6 7. Nbd2 Bd7 8.
Rc1 Rc8 9. Qb1 cxd4 10. exd4 Be7 11. Bd3 h6 12. h3 O-O 13. O-O Rfe8 14. b4
Bf8 15. a4 Ne7 16. a5 Qd8 17. Nb3 Nf5 18. Ne5 Nd6 19. Nc5 b6 20. axb6 axb6
21. Ncxd7 Nxd7 22. Bg3 Nxe5 23. dxe5 Nc4 24. Qc2 Qg5 25. Qe2 Qd2 26. Bxc4
Qg5 27. Bb5 Red8 28. h4 Qe7 29. Qg4 f6 30. Qd4 Qf7 31. Rfe1 fxe5 32. Bxe5
Ra8 33. Ra1 Be7 34. Qxb6 Bxh4 35. Rxa8 Rxa8 36. Bd3 Rf8 37. Bd4 Re8 38. Bb5
Re7 39. Qb8+ Qf8 40. Qxf8+ Kxf8 41. Bc5 Kf7 42. Bxe7 Bxe7 43. Bd7 Kf6 44.
Rxe6+ Kf7 45. Ra6 Bf6 46. Rxf6+ gxf6 47. Bf5 Ke7 48. Kh2 Kd6 49. Kh3 Ke5
50. Bd3 d4 51. c4 Kd6 52. Kg4 Ke5 53. Kf3 f5 54. Be2 h5 55. Bd3 h4 56. Bc2
f4 57. Bd3 Kf6 58. Kxf4 Ke6 59. Ke4 Kd6 60. Kxd4 h3 61. gxh3 Kc6 62. h4 Kd6
63. h5 Ke6 64. h6 Kf7 65. h7 Kg7 66. b5 Kf7 67. b6 Ke7 68. b7 Kd7 69. b8=Q
Ke6 70. Qe5+ Kf7 71. Bg6+ Kf8 72. h8=Q# { Black checkmated } 1-0

[Event "ICC tourney 2248 (120 10)"]
[Site "Internet Chess Club"]
[Date "2020.12.29"]
[Round "7"]
[White "AlanZ"]
[Black "prabp"]
[Result "1-0"]
[ICCResult "Black resigns"]
[WhiteElo "1744"]
[BlackElo "1582"]
[Opening "Réti opening"]
[ECO "D94"]
[NIC "GI.09"]
[Time "12:06:00"]
[PlyCount "133"]
[TimeControl "7200+10"]

1. Nf3 Nf6 2. e3 g6 3. c4 Bg7 4. Nc3 O-O 5. d4 d5 6. Be2 c6 7. O-O Bf5 8.
b3 c5 9. Bb2 Nc6 10. dxc5 Ne4 11. Nxe4 Bxb2 12. Rb1 dxe4 13. Rxb2 exf3 14.
Bxf3 Qxd1 15. Rxd1 Rfd8 16. Rxd8+ Rxd8 17. g4 Be6 18. Be2 Ne5 19. h3 Rc8
20. f4 Nd7 21. b4 Kf8 22. Bd3 f5 23. g5 a5 24. a3 b6 25. cxb6 Nxb6 26. c5
Na4 27. Rb1 axb4 28. axb4 Rb8 29. c6 Nc3 30. Rc1 Na2 31. c7 Rc8 32. Rc6
Nxb4 33. Rxe6 Nxd3 34. Rc6 Nb4 35. Rb6 Rxc7 36. Rxb4 Rc3 37. Kf2 Rc2+ 38.
Kf3 Rh2 39. Kg3 Re2 40. Rb3 Kg7 41. h4 Re1 42. Kf2 Rh1 43. Kg3 Rg1+ 44. Kh2
Rg4 45. Kh3 Rg1 46. e4 Rf1 47. exf5 gxf5 48. Kg3 Rg1+ 49. Kh3 Rg4 50. Rf3
Kf7 51. Rf1 Kg6 52. Re1 Kf7 53. Rf1 Ke6 54. Re1+ Kd6 55. Rd1+ Kc5 56. Rd7
Rxf4 57. Rxe7 Re4 58. Rxh7 f4 59. g6 Re6 60. h5 f3 61. Rf7 Re5 62. Kg4 Kd6
63. Rxf3 Re8 64. g7 Ke7 65. Re3+ Kf7 66. Rxe8 Kxe8 67. g8=Q+ { Black
resigns } 1-0

[Event "ICC tourney 2248 (120 10)"]
[Site "Internet Chess Club"]
[Date "2020.12.29"]
[Round "7"]
[White "Legolas08"]
[Black "Ryan123455"]
[Result "1-0"]
[ICCResult "Black checkmated"]
[WhiteElo "1807"]
[BlackElo "1646"]
[Opening "King's Indian: Petrosian system, Stein variation"]
[ECO "E92"]
[NIC "KI.17"]
[Time "12:06:18"]
[PlyCount "101"]
[TimeControl "7200+10"]

1. d4 Nf6 2. c4 g6 3. Nc3 Bg7 4. e4 d6 5. Nf3 O-O 6. Be2 e5 7. d5 a5 8. Bg5
h6 9. Bh4 Qe8 10. Nd2 Na6 11. a3 Bd7 12. b3 Nh7 13. f3 f5 14. Bf2 f4 15.
Rb1 g5 16. b4 axb4 17. axb4 Nf6 18. c5 h5 19. Nc4 Qe7 20. c6 bxc6 21. dxc6
Be6 22. b5 Nb8 23. Nd2 d5 24. exd5 Nxd5 25. Nxd5 Bxd5 26. Ne4 Bxe4 27. fxe4
Rd8 28. Qc2 g4 29. O-O Kh8 30. Bc5 Qg5 31. Rbd1 Rxd1 32. Rxd1 f3 33. Bf1
fxg2 34. Bxg2 g3 35. hxg3 Qxg3 36. Qf2 Qg5 37. Be3 Qe7 38. Qf5 Qf6 39.
Qxh5+ Kg8 40. Bg5 Qf7 41. Rd8+ Bf8 42. Qxf7+ Kxf7 43. Bf1 Bc5+ 44. Kg2 Ra2+
45. Kh3 Ra3+ 46. Kg4 Ba7 47. Bc4+ Kg6 48. Rg8+ Kh7 49. Bf6 Ra4 50. Kf5 Rxc4
51. Rh8# { Black checkmated } 1-0

[Event "ICC tourney 2248 (120 10)"]
[Site "Internet Chess Club"]
[Date "2020.12.29"]
[Round "7"]
[White "Coolbull"]
[Black "minitotoro"]
[Result "0-1"]
[ICCResult "White checkmated"]
[WhiteElo "1743"]
[BlackElo "1563"]
[Opening "French: advance, Paulsen attack"]
[ECO "C02"]
[NIC "FR.03"]
[Time "12:05:58"]
[PlyCount "140"]
[TimeControl "7200+10"]

1. e4 e6 2. d4 d5 3. e5 c5 4. c3 Nc6 5. Nf3 Qb6 6. a3 c4 7. Be2 Nge7 8. O-O
Nf5 9. Nbd2 Na5 10. Rb1 Bd7 11. Re1 Be7 12. Nf1 Nb3 13. Ne3 Nxe3 14. Bxe3
O-O-O 15. Nd2 Ba4 16. Nxb3 Bxb3 17. Qd2 a5 18. Bg5 Bxg5 19. Qxg5 Rdg8 20.
Bg4 Qc7 21. f4 h6 22. Qh4 g5 23. Qf2 gxf4 24. Qxf4 Bc2 25. Rbc1 Be4 26. Bf3
Bxf3 27. Qxf3 b5 28. Rf1 Rh7 29. Rf2 Qe7 30. Qf6 Kd7 31. Qxe7+ Kxe7 32.
Rcf1 Rb8 33. Rb1 b4 34. axb4 axb4 35. Rff1 Rb7 36. Ra1 bxc3 37. bxc3 Rh8
38. Rf6 h5 39. Raf1 Rh7 40. Ra1 h4 41. h3 Rg7 42. Rf3 Rb2 43. Ra7+ Kd8 44.
Rfxf7 Rbxg2+ 45. Kf1 Rxf7+ 46. Rxf7 Rg3 47. Ra7 Rxc3 48. Ra6 Rd3 49. Rxe6
Rxd4 50. Rd6+ Ke7 51. Rc6 Re4 52. Rh6 Rxe5 53. Rxh4 c3 54. Rh6 Re6 55. Rh8
Kd7 56. Ra8 c2 57. Ra1 Rb6 58. Ke2 Rb1 59. Ra7+ Ke6 60. Rc7 c1=Q 61. Rxc1
Rxc1 62. Kd3 Rh1 63. h4 Rxh4 64. Ke3 d4+ 65. Kd3 Kd5 66. Kd2 Kc4 67. Kc2
Rh2+ 68. Kd1 d3 69. Kc1 Kc3 70. Kd1 Rh1# { White checkmated } 0-1

[Event "ICC tourney 2248 (120 10)"]
[Site "Internet Chess Club"]
[Date "2020.12.29"]
[Round "7"]
[White "attalone"]
[Black "MathMonkey"]
[Result "1/2-1/2"]
[ICCResult "Game drawn by repetition"]
[WhiteElo "1700"]
[BlackElo "1187"]
[Opening "Grünfeld defense"]
[ECO "D80"]
[NIC "GI.03"]
[Time "12:06:11"]
[PlyCount "85"]
[TimeControl "7200+10"]

1. d4 Nf6 2. c4 g6 3. Nc3 d5 4. e3 Bg7 5. Bd3 O-O 6. Nge2 c5 7. O-O Nc6 8.
cxd5 Nxd5 9. Bc2 cxd4 10. exd4 Ndb4 11. d5 Nxc2 12. Qxc2 Nd4 13. Nxd4 Bxd4
14. Bh6 Bg7 15. Bxg7 Kxg7 16. Rad1 Bf5 17. Qb3 b6 18. Nb5 Bd7 19. Nd4 Qe8
20. Qe3 Rc8 21. Rc1 h6 22. h3 f5 23. Qe5+ Kh7 24. Rfe1 Rf7 25. Qe3 f4 26.
Qd2 Qf8 27. f3 Bf5 28. Nc6 a6 29. Re5 Bd7 30. Nd4 Rxc1+ 31. Qxc1 Qb8 32.
Qe1 Qd6 33. Kh1 Kg7 34. Ne6+ Bxe6 35. dxe6 Rf8 36. Re4 Rd8 37. Qc3+ Kh7 38.
Kh2 Qd2 39. Qc7 Qd6 40. Qc1 Qd2 41. Qc7 Qd6 42. Qc1 Qd2 43. Qc7 { Game
drawn by repetition } 1/2-1/2

[Event "ICC tourney 2248 (120 10)"]
[Site "Internet Chess Club"]
[Date "2020.12.29"]
[Round "7"]
[White "mdbgaccp"]
[Black "Niteshc"]
[Result "1-0"]
[ICCResult "Black checkmated"]
[WhiteElo "1804"]
[BlackElo "1644"]
[Opening "King's Indian: 4.e4"]
[ECO "E70"]
[NIC "KI.32"]
[Time "12:05:59"]
[PlyCount "69"]
[TimeControl "7200+10"]

1. d4 Nf6 2. c4 g6 3. Nc3 Bg7 4. e4 O-O 5. e5 Ne8 6. f4 d6 7. Nf3 Bg4 8.
Be2 Nd7 9. h3 Bxf3 10. Bxf3 dxe5 11. dxe5 c6 12. Be3 f6 13. Qb3 fxe5 14.
Rd1 Qc7 15. Bg4 Nef6 16. Be6+ Kh8 17. O-O Rad8 18. f5 Nh5 19. Ne4 gxf5 20.
Ng5 f4 21. Bxd7 fxe3 22. Rxf8+ Rxf8 23. Ne6 Qa5 24. Qxe3 Rg8 25. Ng5 Rf8
26. Be6 Bh6 27. Nf7+ Rxf7 28. Qxh6 Rf6 29. Qxh5 Rxe6 30. Qf7 Rg6 31. Qxe7
Qb6+ 32. c5 Rxg2+ 33. Kxg2 Qxb2+ 34. Kh1 Qe2 35. Qf8# { Black checkmated }
1-0

[Event "ICC tourney 2248 (120 10)"]
[Site "Internet Chess Club"]
[Date "2020.12.29"]
[Round "7"]
[White "Kugelblitzer"]
[Black "Torsten936"]
[Result "1-0"]
[ICCResult "Black resigns"]
[WhiteElo "1535"]
[BlackElo "1704"]
[Opening "Bogo-Indian defense, Nimzovich variation"]
[ECO "E11"]
[NIC "QI.01"]
[Time "12:06:01"]
[PlyCount "83"]
[TimeControl "7200+10"]

1. d4 Nf6 2. c4 e6 3. Nf3 Bb4+ 4. Bd2 Qe7 5. Nc3 b6 6. e3 Bb7 7. Be2 d6 8.
O-O O-O 9. Re1 Nbd7 10. Nb5 Bxd2 11. Nxd2 a6 12. Nc3 c5 13. Bf3 Bxf3 14.
Qxf3 Rab8 15. a4 Rfc8 16. Rad1 Rc7 17. b3 h6 18. Qg3 Ne8 19. Nf3 Ndf6 20.
h3 Rbb7 21. e4 cxd4 22. Nxd4 g6 23. f4 Nh5 24. Qf3 e5 25. Nd5 Qd8 26. Nxc7
Qxc7 27. Ne2 Qc5+ 28. Kh1 b5 29. axb5 axb5 30. fxe5 Qxe5 31. Rd5 Qb2 32.
Rxb5 Rxb5 33. cxb5 Qe5 34. Rf1 Nhf6 35. Nc3 Kg7 36. Nd5 Qe6 37. Nxf6 Nxf6
38. b6 Nd7 39. b7 Qe8 40. Qc3+ Ne5 41. Qc7 Nd7 42. Qc8 { Black resigns }
1-0

[Event "ICC tourney 2248 (120 10)"]
[Site "Internet Chess Club"]
[Date "2020.12.29"]
[Round "7"]
[White "Elias1302"]
[Black "TheChessShark"]
[Result "1-0"]
[ICCResult "Black resigns"]
[WhiteElo "1609"]
[BlackElo "1888"]
[Opening "Philidor's defense"]
[ECO "C41"]
[NIC "KP.10"]
[Time "12:06:01"]
[PlyCount "135"]
[TimeControl "7200+10"]

1. e4 e5 2. Nf3 d6 3. Nc3 Nf6 4. Bc4 Be7 5. O-O O-O 6. h3 c6 7. d4 Nbd7 8.
Re1 b6 9. a3 Bb7 10. dxe5 dxe5 11. b4 Qc7 12. Nh4 g6 13. Bh6 Rfe8 14. Re3
c5 15. b5 Bf8 16. Bg5 Bg7 17. Qf3 Rf8 18. Qg3 Nh5 19. Qg4 Ndf6 20. Bxf6
Nxf6 21. Qg5 Kh8 22. Ree1 Rad8 23. Nf3 Nh5 24. Nd5 Bxd5 25. Bxd5 Nf4 26. c4
f5 27. Rad1 Rd6 28. Kh2 Bf6 29. Qh6 Rfd8 30. g3 Nxd5 31. exd5 e4 32. Ng5
Bxg5 33. Qxg5 Re8 34. f3 Qf7 35. Qf4 Rd7 36. Qe3 Rde7 37. Qc3+ Kg8 38. d6
Rd7 39. fxe4 Rxe4 40. Rxe4 fxe4 41. Kg2 Qe6 42. Qc2 e3 43. Qd3 e2 44. Re1
Rxd6 45. Qxe2 Qxe2+ 46. Rxe2 Rd3 47. Re4 Kf7 48. Rf4+ Ke6 49. Re4+ Kf5 50.
Re7 Rxa3 51. Rxh7 Ke4 52. Rh4+ Ke3 53. Rf4 Ra2+ 54. Kg1 g5 55. Rf5 Rc2 56.
Rxg5 Kf3 57. h4 Rxc4 58. h5 Rd4 59. h6 Rd7 60. Rg7 Rd6 61. h7 Rh6 62. g4
Kg3 63. g5 Rh4 64. g6 c4 65. Rg8 c3 66. h8=Q Rxh8 67. Rxh8 c2 68. Rc8 {
Black resigns } 1-0

[Event "ICC tourney 2248 (120 10)"]
[Site "Internet Chess Club"]
[Date "2020.12.29"]
[Round "7"]
[White "aditya7708"]
[Black "orwind"]
[Result "1-0"]
[ICCResult "Black resigns"]
[WhiteElo "1524"]
[BlackElo "1620"]
[Opening "Queen's bishop game"]
[ECO "D02"]
[NIC "QP.06"]
[Time "12:05:56"]
[PlyCount "109"]
[TimeControl "7200+10"]

1. Nf3 Nf6 2. d4 d5 3. Bf4 e6 4. e3 Bd6 5. Bg3 h6 6. Nbd2 O-O 7. Bd3 b6 8.
c3 c5 9. O-O Bxg3 10. hxg3 Nc6 11. Re1 Bb7 12. Bb5 a6 13. Bxc6 Bxc6 14. Ne5
Bb7 15. Qc2 Qe7 16. Rad1 Rac8 17. a3 b5 18. Nb3 cxd4 19. exd4 Nd7 20. Nxd7
Qxd7 21. Nc5 Qc6 22. Re5 Rfe8 23. Rde1 Re7 24. b4 Rce8 25. f4 f6 26. R5e3
Bc8 27. Qg6 Kf8 28. f5 Qd6 29. fxe6 Bxe6 30. Nxe6+ Rxe6 31. Qxe8+ Rxe8 32.
Rxe8+ Kf7 33. Kf2 Qc6 34. R8e7+ Kg6 35. R1e3 Qc4 36. Kg1 Qb3 37. Rc7 Qxa3
38. Ree7 Qc1+ 39. Kh2 Qd1 40. g4 Kg5 41. Rxg7+ Kf4 42. Rcf7 h5 43. Rxf6+
Ke4 44. Re7+ Kd3 45. Rf3+ Kc2 46. gxh5 Qc1 47. Re5 Qd2 48. Ree3 Kb3 49. h6
Qc2 50. Rh3 Qh7 51. Reg3 Kc4 52. Rg7 Qh8 53. h7 Qxg7 54. h8=Q Qc7+ 55. Qe5
{ Black resigns } 1-0

[Event "ICC tourney 2248 (120 10)"]
[Site "Internet Chess Club"]
[Date "2020.12.29"]
[Round "7"]
[White "vedantpmargale"]
[Black "mnm1"]
[Result "1/2-1/2"]
[ICCResult "Game drawn by mutual agreement"]
[WhiteElo "1493"]
[BlackElo "1460"]
[Opening "Sicilian: Boleslavsky variation, 7.Nb3"]
[ECO "B59"]
[NIC "SI.25"]
[Time "12:05:54"]
[PlyCount "43"]
[TimeControl "7200+10"]

1. e4 c5 2. Nf3 d6 3. d4 cxd4 4. Nxd4 Nf6 5. Nc3 Nc6 6. Be2 e5 7. Nb3 Be7
8. O-O O-O 9. Be3 Be6 10. f3 a6 11. Nd5 b5 12. Qd2 Bxd5 13. exd5 Nb8 14. a4
bxa4 15. Rxa4 Nbd7 16. Rxa6 Rxa6 17. Bxa6 Qa8 18. Bc4 Rc8 19. Ra1 Qb8 20.
Qd3 Qc7 21. Nd2 Nc5 22. Bxc5 { Game drawn by mutual agreement } 1/2-1/2

[Event "ICC tourney 2248 (120 10)"]
[Site "Internet Chess Club"]
[Date "2020.12.29"]
[Round "7"]
[White "castle2king"]
[Black "rohu333"]
[Result "0-1"]
[ICCResult "White resigns"]
[WhiteElo "1562"]
[BlackElo "1766"]
[Opening "Scandinavian: Pytel-Wade variation"]
[ECO "B01"]
[NIC "SD.02"]
[Time "12:06:00"]
[PlyCount "88"]
[TimeControl "7200+10"]

1. e4 d5 2. exd5 Qxd5 3. Nc3 Qd6 4. d3 Nf6 5. h3 Bf5 6. Nf3 e6 7. Be2 c6 8.
Be3 Nbd7 9. Qd2 Qc7 10. a3 Bd6 11. O-O O-O 12. Nh4 Bg6 13. Nxg6 hxg6 14.
Rad1 Rfd8 15. Rfe1 Nb6 16. Bg5 Rd7 17. Bf3 Rc8 18. Ne4 Nxe4 19. Rxe4 Re8
20. Rde1 Nd5 21. c4 Nf6 22. Bxf6 gxf6 23. Qc3 Be5 24. d4 Bd6 25. b4 Red8
26. Qb2 f5 27. R4e2 Bf8 28. Rd1 Bg7 29. Red2 Qf4 30. Rd3 Bxd4 31. Qe2 e5
32. g3 Qxg3+ 33. Kf1 Qxh3+ 34. Bg2 Qh4 35. Rh3 Qf6 36. Bf3 Qe7 37. Kg2 e4
38. Bh5 gxh5 39. Qxh5 Qf6 40. Rg1 Kf8 41. Kh1 Ke7 42. Qe2 Kd6 43. Rg2 Kc7
44. Rgh2 Be5 { White resigns } 0-1

[Event "ICC tourney 2248 (120 10)"]
[Site "Internet Chess Club"]
[Date "2020.12.29"]
[Round "7"]
[White "Vinny773175"]
[Black "sbendre"]
[Result "1-0"]
[ICCResult "Black checkmated"]
[WhiteElo "1782"]
[BlackElo "1525"]
[Opening "Sicilian: Najdorf, Lipnitzky attack"]
[ECO "B90"]
[NIC "SI.13"]
[Time "12:06:07"]
[PlyCount "71"]
[TimeControl "7200+10"]

1. e4 c5 2. Nf3 d6 3. d4 cxd4 4. Nxd4 Nf6 5. Nc3 a6 6. Bc4 Qc7 7. Bb3 e6 8.
Be3 Be7 9. O-O O-O 10. Kh1 Nc6 11. f4 Na5 12. Qd3 Nxb3 13. cxb3 b5 14. Rac1
Qd7 15. f5 Bb7 16. b4 Rac8 17. Nde2 Rfd8 18. Bb6 Rf8 19. Ng3 Bd8 20. Bxd8
Rfxd8 21. Rcd1 Qc6 22. Qe2 Qc4 23. Qe3 Qxb4 24. fxe6 fxe6 25. Rxf6 gxf6 26.
Qh6 Rf8 27. Nh5 Rc7 28. Rd3 Rcf7 29. Rg3+ Kh8 30. h3 Qd4 31. Nf4 Qf2 32.
Ng6+ Kg8 33. Rg4 f5 34. Rg5 Re8 35. Ne5+ Kh8 36. Nxf7# { Black checkmated }
1-0

[Event "ICC tourney 2248 (120 10)"]
[Site "Internet Chess Club"]
[Date "2020.12.29"]
[Round "7"]
[White "NL008"]
[Black "sunnyjingxu"]
[Result "1/2-1/2"]
[ICCResult "Game drawn by repetition"]
[WhiteElo "1534"]
[BlackElo "1711"]
[Opening "Giuoco Piano"]
[ECO "C54"]
[NIC "IG.02"]
[Time "12:06:23"]
[PlyCount "94"]
[TimeControl "7200+10"]

1. e4 e5 2. Nf3 Nc6 3. Bc4 Bc5 4. c3 Nf6 5. d4 exd4 6. cxd4 Bb4+ 7. Bd2
Nxe4 8. Bxb4 Nxb4 9. Bxf7+ Kxf7 10. Qb3+ d5 11. Ne5+ Kg8 12. Qxb4 Qf8 13.
Qxf8+ Kxf8 14. Nc3 Nxc3 15. bxc3 Ke7 16. Kd2 Rf8 17. f3 Rf6 18. Rhe1 Kf8
19. Rab1 b6 20. Rb5 Rd6 21. a4 a6 22. Rb2 Rh6 23. h3 Bf5 24. a5 Rd6 25. g4
Bc8 26. Reb1 b5 27. Nd3 Bd7 28. Nc5 Re8 29. Re1 Bc8 30. Rxe8+ Kxe8 31. Kd3
Kf7 32. Re2 Rf6 33. Ke3 Rh6 34. Rh2 Rf6 35. Kf2 Kg6 36. Kg3 Kf7 37. Re2 Rg6
38. Re5 Rd6 39. Nd3 Rc6 40. Rxd5 Rxc3 41. Nc5 Ke7 42. Re5+ Kf7 43. Rd5 Ke7
44. Re5+ Kf7 45. Rd5 Ke7 46. Re5+ Kf7 47. Rd5 Ke7 { Game drawn by
repetition } 1/2-1/2

[Event "ICC tourney 2248 (120 10)"]
[Site "Internet Chess Club"]
[Date "2020.12.29"]
[Round "7"]
[White "ZAPPAWITS"]
[Black "mrerikchin"]
[Result "1/2-1/2"]
[ICCResult "Game drawn by repetition"]
[WhiteElo "1713"]
[BlackElo "1636"]
[Opening "King's Indian: London system"]
[ECO "A45"]
[NIC "QP.03"]
[Time "12:05:54"]
[PlyCount "68"]
[TimeControl "7200+10"]

1. d4 Nf6 2. Bf4 g6 3. Nf3 Bg7 4. e3 d6 5. Be2 b6 6. c4 Bb7 7. Nc3 O-O 8.
O-O Nbd7 9. d5 e5 10. Bg5 h6 11. Bxf6 Nxf6 12. e4 Ne8 13. Nd2 f5 14. f4
exf4 15. Rxf4 Be5 16. Rf1 Bc8 17. Qc2 f4 18. Nf3 Bg7 19. e5 Bf5 20. Bd3
dxe5 21. Bxf5 Rxf5 22. Rad1 Qe7 23. Ne4 Nd6 24. Rfe1 Kh7 25. b4 Nxe4 26.
Qxe4 Qxb4 27. d6 Rd8 28. d7 Qa4 29. Nh4 Rg5 30. Nf3 Rf5 31. Nh4 Rg5 32. Nf3
Rf5 33. Nh4 Rg5 34. Nf3 Rf5 { Game drawn by repetition } 1/2-1/2

[Event "ICC tourney 2248 (120 10)"]
[Site "Internet Chess Club"]
[Date "2020.12.29"]
[Round "7"]
[White "saisneha"]
[Black "kwen2008"]
[Result "1-0"]
[ICCResult "Black checkmated"]
[WhiteElo "1883"]
[BlackElo "1745"]
[Opening "QGD: 4.Nf3"]
[ECO "D37"]
[NIC "QI.01"]
[Time "12:05:51"]
[PlyCount "153"]
[TimeControl "7200+10"]

1. d4 Nf6 2. c4 e6 3. Nf3 d5 4. Nc3 Be7 5. Bg5 O-O 6. cxd5 exd5 7. Qc2 c6
8. e3 h6 9. Bh4 Re8 10. Bd3 Ne4 11. Bxe7 Qxe7 12. Bxe4 dxe4 13. Nd2 Bf5 14.
O-O Bg6 15. Nc4 Nd7 16. Rad1 Rac8 17. Qb3 Nf6 18. Ne5 Bf5 19. h3 c5 20. Nd5
Nxd5 21. Qxd5 Be6 22. Qxe4 Bc4 23. Rfe1 cxd4 24. exd4 f6 25. Nxc4 Qxe4 26.
Rxe4 Rxe4 27. Nd6 Ree8 28. Nxc8 Rxc8 29. Rd2 Rc1+ 30. Kh2 Kf7 31. Kg3 Ke6
32. Kg4 g6 33. d5+ Kd6 34. h4 Rc4+ 35. Kh3 Rc5 36. h5 g5 37. Kg4 Ke7 38.
Kf5 Kf7 39. Ke4 Rc4+ 40. Rd4 Rc2 41. d6 Ke8 42. Kf5 Rxf2+ 43. Kg6 Rxg2 44.
Kxh6 f5 45. Kg7 f4 46. h6 f3 47. h7 Rh2 48. Rd2 Rxd2 49. h8=Q+ Kd7 50. Qh3+
Kxd6 51. Qxf3 Rd5 52. Qa3+ Kc6 53. Qxa7 b5 54. Qa6+ Kc5 55. Qc8+ Kd4 56.
Qc3+ Ke4 57. Qe1+ Kd4 58. Qd2+ Kc5 59. b4+ Kd6 60. Qc3 Ke6 61. Qf6+ Kd7 62.
Qf7+ Kd6 63. Kf6 Kc6 64. Qe8+ Kc7 65. Qa8 Rd6+ 66. Kxg5 Rb6 67. Kf5 Rb8 68.
Qa5+ Rb6 69. Ke5 Kc6 70. Qa8+ Kc7 71. Kd5 Rb7 72. Qa5+ Kb8 73. Kc6 Rd7 74.
Qxb5+ Ka8 75. Kxd7 Ka7 76. Kc7 Ka8 77. Qb7# { Black checkmated } 1-0

[Event "ICC tourney 2248 (120 10)"]
[Site "Internet Chess Club"]
[Date "2020.12.29"]
[Round "7"]
[White "Knightboy123"]
[Black "doudou2011"]
[Result "1/2-1/2"]
[ICCResult "Game drawn by repetition"]
[WhiteElo "1661"]
[BlackElo "1412"]
[Opening "Queen's pawn, Mason variation"]
[ECO "D00"]
[NIC "QP.08"]
[Time "12:06:13"]
[PlyCount "149"]
[TimeControl "7200+10"]

1. d4 d5 2. Bf4 e6 3. e3 Nf6 4. Nf3 Bd6 5. Bg3 O-O 6. c3 c5 7. Bd3 Nc6 8.
Nbd2 b6 9. Qc2 Bb7 10. Ne5 Qc7 11. Ndf3 c4 12. Be2 Ne4 13. Nxc6 Bxc6 14.
Ne5 Bb7 15. f3 f6 16. fxe4 fxe5 17. dxe5 Bxe5 18. Bxe5 Qxe5 19. O-O-O Qg5
20. Qd2 Qxg2 21. exd5 exd5 22. Rdg1 Qe4 23. Qd4 Qxd4 24. exd4 Rf2 25. Kd2
Re8 26. Re1 Bc8 27. Kd1 Re4 28. h3 Bf5 29. Rhf1 Rxf1 30. Bxf1 Rxe1+ 31.
Kxe1 Kf7 32. Kf2 Kf6 33. b3 b5 34. b4 Be4 35. Kg3 Kg5 36. h4+ Kf6 37. Kf4
Bf5 38. Bg2 Be6 39. Bf3 h6 40. Be2 g5+ 41. hxg5+ hxg5+ 42. Kg3 Bf5 43. a3
Kg6 44. Bd1 Bd3 45. Bg4 Bf5 46. Bd1 Kf6 47. a4 bxa4 48. Bxa4 Ke7 49. Bd1
Kd6 50. Bg4 Ke6 51. Bd1 Bb1 52. Bg4+ Kf6 53. Bh3 Bf5 54. Bg2 Be6 55. Kf3
Kg6 56. Bf1 Kh5 57. Kg3 Bg4 58. Bg2 Be6 59. Bf3+ g4 60. Bd1 Kg5 61. Ba4 Bf5
62. Bd1 Bd7 63. Bc2 Bc8 64. Bd1 Bf5 65. Ba4 Be4 66. Bd1 Bf5 67. Ba4 Be4 68.
Bd1 Bf3 69. Bxf3 gxf3 70. Kxf3 Kf5 71. b5 Kg5 72. Kg3 Kf5 73. Kf3 Kg5 74.
Kg3 Kf5 75. Kf3 { Game drawn by repetition } 1/2-1/2

[Event "ICC tourney 2248 (120 10)"]
[Site "Internet Chess Club"]
[Date "2020.12.29"]
[Round "7"]
[White "Nacaroa-Dan"]
[Black "Cooliguess"]
[Result "0-1"]
[ICCResult "White resigns"]
[WhiteElo "1640"]
[BlackElo "1750"]
[Opening "Sicilian: closed"]
[ECO "B23"]
[NIC "SI.44"]
[Time "12:06:05"]
[PlyCount "90"]
[TimeControl "7200+10"]

1. e4 c5 2. Nc3 d6 3. f4 Nc6 4. Nf3 Nf6 5. Bb5 Bd7 6. Bxc6 Bxc6 7. d3 g6 8.
O-O Bg7 9. Qe1 O-O 10. f5 Qc7 11. Qh4 Qb6 12. Rb1 Rfe8 13. fxg6 fxg6 14.
Ng5 c4+ 15. Kh1 h5 16. Ne6 Qa5 17. Bd2 Bd7 18. Nd5 Qxd2 19. Nxg7 Kxg7 20.
Rf2 g5 21. Rxd2 gxh4 22. Nc7 cxd3 23. cxd3 Rac8 24. Nxe8+ Bxe8 25. h3 Bb5
26. Kg1 e5 27. Rf1 Nd7 28. a3 Nc5 29. Rc1 Rc6 30. Rc3 Ne6 31. Kf2 Nd4 32.
Ke3 Kg6 33. Rf2 Ne6 34. Rd2 Kg5 35. Rf2 Nf4 36. d4 exd4+ 37. Kxd4 Ne2+ 38.
Kd5 Nxc3+ 39. bxc3 Rxc3 40. Kxd6 Bc6 41. e5 Rd3+ 42. Ke7 Rxa3 43. e6 Rg3
44. Kd8 Rxg2 45. Rf8 Rg3 { White resigns } 0-1